 Dungeon Crawl Stone Soup version 0.19-a0-1532-g228a5d9 (webtiles) character file.

631398 GameOver the Tortoise (level 27, -2/236 HPs)
             Began as a Naga Wizard on Sept 12, 2016.
             Was the Champion of Kikubaaqudgha.
             Slain by a jiangshi (11 damage)
             ... summoned by a greater mummy
             ... on level 1 of the Tomb of the Ancients on Sept 13, 2016.
             The game lasted 10:49:28 (65619 turns).

GameOver the Tortoise (Naga Wizard)                Turns: 65619, Time: 10:49:29

Health: -2/236     AC: 40    Str: 16    XL:     27
Magic:  40/40      EV: 14    Int: 32    God:    Kikubaaqudgha [******]
Gold:   7317       SH: 23    Dex: 12    Spells: 10 memorised, 13 levels left

rFire  + + +     SeeInvis +     e - +9 eveningstar (flame)
rCold  + + +     Gourm    .     w - quicksilver dragon armour
rNeg   . . .     Faith    .     s - +5 shield "Gemuc" {rF+ MR+ rCorr}
rPois  +         Spirit   .     N - +1 hat {MR+}
rElec  +         Dismiss  .     S - +1 cloak of Starlight {rElec rC+ EV+4 Stlth--}
rCorr  +         Reflect  +     I - +2 pair of gloves "Ofieg" {Str+4}
MR     +++++     Harm     .     o - +3 naga barding "Iroloddu" {rF+ rC+ Int+3}
Stlth  ..........               Y - +5 amulet of reflection
                                A - ring of Twilight {Wiz +Fly MR++ Dex+2}
                                g - ring "Woczao" {rF+ rC+ SInv Stlth-}

@: silence (expiring), deflect missiles, drained, very slow
A: slimy green scales 1, see invisible, deformed body, poison resistance,
slowness 2, slow metabolism 1, spit poison 1, MP-powered wands, constrict 1, AC
+9
a: Spit Poison, Renounce Religion, Evoke Flight
}: 3/15 runes: decaying, serpentine, silver


You were on level 1 of the Tomb of the Ancients.
You worshipped Kikubaaqudgha.
Kikubaaqudgha was exalted by your worship.
You were very full.

You visited 12 branches of the dungeon, and saw 50 of its levels.
You visited 1 ziggurat, and saw 8 of its levels.
You also visited: Sewer, Ice Cave and Volcano.

You collected 9459 gold pieces.
You spent 2142 gold pieces at shops.

Inventory:

Hand Weapons
 e - a +9 eveningstar of flaming (weapon)
 f - the +7 great mace "Undeadhunter" {disrupt, rN+}
   (You took it off an ancient champion on level 3 of the Crypt)

   It protects you from negative energy.
Armour
 o - the +3 naga barding "Iroloddu" (worn) {rF+ rC+ Int+3}
   (Okawaru gifted it to you on level 1 of the Snake Pit)

   It affects your intelligence (+3).
   It protects you from fire.
   It protects you from cold.
 s - the +5 shield "Gemuc" (worn) {rF+ MR+ rCorr}
   (You took it off Asterion on level 3 of the Snake Pit)

   It protects you from fire.
   It affects your resistance to hostile enchantments.
   It protects you from acid and corrosion.
 w - a quicksilver dragon armour (worn)
 I - the +2 pair of gloves "Ofieg" (worn) {Str+4}
   (You found it on level 7 of the Dungeon)

   It affects your strength (+4).
 N - a +1 hat of magic resistance (worn)
 S - the +1 cloak of Starlight (worn) {rElec rC+ EV+4 Stlth--}
   (You found it on level 7 of the Dungeon)

   It affects your evasion (+4).
   It protects you from cold.
   It insulates you from electricity.
   It makes you much less stealthy.
Jewellery
 g - the ring "Woczao" (left hand) {rF+ rC+ SInv Stlth-}
   (You found it on level 15 of the Dungeon)

   [ring of loudness]

   It protects you from fire.
   It protects you from cold.
   It lets you see invisible.
   It makes you less stealthy.
 A - the ring of Twilight (right hand) {Wiz +Fly MR++ Dex+2}
   (You bought it in a shop on level 4 of the Depths)

   [ring of wizardry]

   It improves your spell success rate.
   It affects your dexterity (+2).
   It affects your resistance to hostile enchantments.
   It lets you fly.
 Y - a +5 amulet of reflection (around neck)
Wands
 B - a wand of digging (11/24)
 F - a wand of heal wounds (6/9)
Scrolls
 c - 35 scrolls of identify
 k - 3 scrolls of fog
 n - 7 scrolls of magic mapping
 z - 4 scrolls of teleportation
 J - 4 scrolls of fear
Potions
 a - 13 potions of curing
 d - 4 potions of cancellation
 h - a potion of magic
 l - a potion of ambrosia
 p - a potion of agility
 E - a potion of resistance
 K - 4 potions of berserk rage
 R - 2 potions of invisibility
Comestibles
 x - 3 meat rations


   Skills:
 - Level 12.0(10.6) Fighting
 - Level 16.4(14.9) Maces & Flails
 - Level 19.0(17.4) Armour
 - Level 9.0(7.7) Dodging
 - Level 11.3(9.9) Stealth
 - Level 15.0(13.5) Shields
 + Level 13.7(12.3) Spellcasting
   Level 5.0(3.9) Conjurations
 - Level 5.0(3.9) Hexes
 - Level 13.1(11.7) Charms
   Level 1.0(0.0) Summonings
 + Level 16.8(15.2) Necromancy
 - Level 6.0(4.8) Translocations
 + Level 13.1(11.7) Transmutations
 - Level 17.0(15.4) Air Magic
   Level 5.0(3.9) Poison Magic
   Level 6.0(4.8) Invocations


You had 13 spell levels left.
You knew the following spells:

 Your Spells              Type           Power        Failure   Level  Hunger
a - Dispel Undead         Necr           #######.     1%          5    #......
b - Apportation           Tloc           ######....   1%          1    None
c - Blink                 Tloc           N/A          1%          2    None
e - Necromutation         Tmut/Necr      #######...   52%         8    #######
p - Silence               Hex/Air        ######....   1%          5    #......
q - Regeneration          Chrm/Necr      #######...   1%          3    None
s - Agony                 Necr           #######.     1%          5    #......
w - Sublimation of Blood  Necr           #######...   0%          2    None
x - Spectral Weapon       Hex/Chrm       ######..     1%          3    None
z - Deflect Missiles      Chrm/Air       #######...   1%          6    ####...


Dungeon Overview and Level Annotations

Branches:
Dungeon (15/15)            Temple (1/1) D:5            Lair (6/6) D:11
  Swamp (4/4) Lair:3        Snake (4/4) Lair:3        Slime (1/5) Lair:5
    Orc (2/2) D:11            Elf (3/3) Orc:2        Vaults (5/5) D:13
  Crypt (3/3) Vaults:3       Tomb (1/3) Crypt:3      Depths (5/5) D:15
    Zot (0/5) Depths:5

Altars:
Ashenzari
Cheibriados
Dithmenos
Elyvilon
Fedhas
Gozag
Hepliaklqana
Kikubaaqudgha
Makhleb
Nemelex Xobeh
Okawaru
Qazlal
Ru
Sif Muna
Trog
Uskayaw
Vehumet
Xom
Yredelemnul
Zin
The Shining One
Beogh

Shops:
D:12 %   D:15 (::   Orc:2 *(=   Elf:1 %   Elf:3 *   Snake:2 (   Vaults:2 :
Depths:3 *}   Depths:4 }==

Portals:
Hell: Lair:6 Depths:1 Depths:2 Depths:3 Depths:4 Depths:5
Abyss: Depths:2 Depths:4
Pandemonium: Depths:3 Depths:4

Annotations:
D:3 slayr's ghost, amateur TeFE
D:8 exclusion: 2 oklob plants


Innate Abilities, Weirdness & Mutations

You cannot wear boots.
Your serpentine skin is tough. (AC +9)
You have supernaturally acute eyesight. (SInv)
Armour fits poorly on your strangely shaped body.
Your system is resistant to poisons. (rPois)
You cover ground very slowly.
You have a slow metabolism.
You can spit poison.
You can use your snake-like lower body to constrict enemies.
You are partially covered in slimy green scales. (AC +2)
You expend magic power (3 MP) to strengthen your wands.


Message History

The vampire hits you but does no damage.
You block the vampire's attack. You block the wight's attack.
The greater mummy calls on the powers of darkness!
Your body is wracked with pain!
* * * LOW HITPOINT WARNING * * *
The mana viper convulses! x2
The ushabti shakes and rattles.
The vile air hits you!
The vile air hits the shadow wraith.
You release your grip on the greater mummy.
The jiangshi claws you!
* * * LOW HITPOINT WARNING * * *
The jiangshi draws strength from your injuries!
The jiangshi claws you!
* * * LOW HITPOINT WARNING * * *
The jiangshi draws strength from your injuries!
The greater mummy casts a spell.
The ushabti shakes and rattles deafeningly!
The jiangshi claws you!
You die...
Kikubaaqudgha rasps: "You have failed me!
Welcome... death!"

.......................
........................
........................
.............§.§........
...............§........
.............MM§4.......
......⌠.⌠..?§MS§........
.............SMVWz......
.............zV8@.......
.............4zM........
.....8...8..............
........................
####.......#############
.8...8. ......


You could see 2 greater mummies, a jiangshi, a shadow wraith (invisible), an
orange demon, 2 mana vipers, an ushabti, an ice devil, a vampire, a flying
skull, 3 mummies and 2 wights.

Vanquished Creatures
  Mara (Elf:3)
  Khufu (Crypt:2)
  An ancient lich (Crypt:2)
  4 juggernauts
  4 greater mummies
  Sojobo (Vaults:5)
  the Lernaean hydra (Swamp:4)
  Boris (Crypt:2)
  Bai Suzhen (Elf:3)
  Xtahua (Vaults:4)
  Margery (Vaults:4)
  A curse toe (Crypt:3)
  Saint Roka (Elf:3)
  A caustic shrike (Zig:6)
  A golden dragon (Vaults:4)
  Nikola (Vaults:1)
  the Enchantress (Depths:2)
  A hellephant (Zig:6)
  Rupert (Lair:5)
  An Ice Fiend (Depths:4)
  2 liches
  Asterion (Snake:3)
  11 tentacled monstrosities
  6 deep elf blademasters
  2 deep elf master archers
  12 titans
  3 quicksilver dragons
  An acid blob (Slime:1)
  9 ancient champions
  Frances (Elf:1)
  7 sphinxes
  2 storm dragons (Depths:5)
  4 thorn hunters
  Kirke (D:15)
  4 shadow dragons
  5 revenants
  8 tengu reavers
  8 greater nagas
  A draconian monk (Depths:5)
  19 fire giants
  20 frost giants
  6 deep elf sorcerers
  5 curse skulls
  2 iron dragons
  3 deep elf elementalists
  Louise (Swamp:2)
  A draconian scorcher (Depths:5)
  17 ironheart preservers
  An orc warlord (Zig:8)
  13 vault wardens
  3 spriggan defenders (Depths:2)
  8 ghouls
  A war gargoyle (Vaults:5)
  3 caustic shrike skeletons
  2 juggernaut skeletons (Depths:4)
  A reaper (Crypt:3)
  35 very ugly things
  2 bennus (Tomb:1)
  9 deep elf demonologists
  An entropy weaver (Vaults:4)
  5 vampire knights
  6 black draconians
  A green draconian (Depths:5)
  34 stone giants
  8 deep elf annihilators
  2 mottled draconians
  The ghost of Protee the Fighter, a journeyman DrTm of Hepliaklqana (Lair:6)
  4 spark wasps
  A red draconian (Crypt:2)
  2 white draconians
  4 purple draconians
  3 yellow draconians
  23 ettins
  7 eidola
  5 mummy priests
  11 deep elf death magi
  13 jiangshi
  17 fire dragons
  16 great orbs of eyes
  3 deep elf high priests
  3 rakshasas
  14 yaktaur captains
  5 ghost crabs
  21 ice dragons
  15 naga warriors
  16 hydras
  Harold (D:11)
  Erica (D:9)
  34 vault guards
  15 anacondas
  5 centaur warriors
  5 spriggan air magi
  9 death yaks
  The ghost of Kidiri the Thaumaturge, a journeyman DEFE of Vehumet (Lair:3)
  8 deep troll earth magi
  5 death knights
  19 ogre magi
  11 alligators
  8 tengu warriors
  23 dancing weapons
  8 deep troll shamans
  3 orc high priests
  A queen ant (Lair:3)
  11 vampire magi
  9 spriggan berserkers
  Nergalle (D:11)
  2 sun demons
  A small abomination (Vaults:2)
  40 deep elf knights
  18 naga sharpshooters
  31 hell knights
  3 iron trolls
  10 shock serpents
  7 shadow wraiths
  36 slime creatures
  4 titan skeletons
  A soul eater (Crypt:2)
  40 skeletal warriors
  14 sea snakes
  14 flayed ghosts
  A sixfirhy (Lair:6)
  The ghost of sergedm the Thaumaturge, a novice DECj of Vehumet (D:10)
  An unseen horror (shapeshifter) (Depths:1)
  3 salamander mystics
  A fire crab (Zig:6)
  4 unseen horrors
  10 deep trolls
  7 wizards
  A spriggan druid (Swamp:2)
  A giant orange brain (shapeshifter) (Depths:3)
  6 giant orange brains
  7 shambling mangroves
  29 deep elf archers
  10 swamp dragons
  21 ironbrand convokers
  8 naga ritualists
  6 golden dragon skeletons (Depths:4)
  A lindwurm (shapeshifter) (Vaults:2)
  9 hill giants
  12 harpies
  12 phantasmal warriors
  92 deep elf magi
  12 necromancers
  A shadow dragon skeleton (Depths:4)
  Pikel (D:5)
  12 cyclopes
  11 mana vipers
  8 griffons
  A shining eye (shapeshifter) (Vaults:3)
  3 wolf spiders
  16 orc knights
  A human zombie (Vaults:4)
  An orb spider (shapeshifter) (Elf:2)
  A faun (shapeshifter) (Vaults:4)
  20 salamanders
  2 wolf spider zombies
  5 orc sorcerers
  A shining eye (Slime:1)
  53 ugly things
  3 fire giant skeletons (Depths:4)
  A salamander (shapeshifter) (Depths:2)
  7 hornets
  A moth of wrath (shapeshifter) (Depths:1)
  A tengu skeleton (Depths:4)
  4 iron dragon skeletons
  2 frost giant zombies
  3 sphinx skeletons (Depths:4)
  2 moths of wrath (Zig:8)
  A cyclops (shapeshifter) (Depths:4)
  3 manticores
  9 guardian serpents
  2 guardian serpents (shapeshifter)
  4 centaur zombies
  A rust devil (Depths:1)
  24 vault sentinels
  2 frost giant skeletons
  11 elephants
  A shock serpent zombie (Crypt:1)
  A black mamba (shapeshifter) (Elf:3)
  46 black mambas
  17 naga magi
  2 torpor snails
  2 octopodes (shapeshifter) (Vaults:2)
  7 ice statues
  A smoke demon (Lair:6)
  A dire elephant zombie (Crypt:3)
  A stone giant skeleton (Vaults:4)
  13 spiny frogs
  2 orange demons (Lair:6)
  A molten gargoyle (Volcano)
  An eye of devastation (Slime:1)
  4 gargoyles
  A torpor snail (shapeshifter) (Depths:2)
  5 kobold demonologists
  30 yaktaurs
  A hellion (Depths:4)
  6 komodo dragons
  9 ice devils
  3 rime drakes
  A rime drake (shapeshifter) (Vaults:2)
  A spriggan skeleton (Depths:4)
  A mottled draconian zombie (Crypt:1)
  11 guardian mummies
  7 tengu conjurers
  17 freezing wraiths
  A hellwing (Depths:4)
  5 elf skeletons (Depths:4)
  2 polar bears (Depths:4)
  3 red devils
  8 trolls
  A queen bee (D:9)
  A queen bee (shapeshifter) (D:13)
  A harpy zombie (D:15)
  A meliai (D:15)
  2 trolls (shapeshifter)
  An ettin zombie (Crypt:1)
  A shadow dragon simulacrum (Depths:3)
  A tengu simulacrum (Vaults:2)
  2 giant leeches
  2 fire giant simulacra
  A blink frog (shapeshifter) (D:14)
  9 blink frogs
  5 bog bodies
  2 dream sheep (shapeshifter)
  8 boulder beetles
  2 human simulacra
  28 two-headed ogres
  2 frost giant simulacra
  4 dream sheep (Lair:6)
  16 flying skulls
  7 air elementals
  A redback (shapeshifter) (Vaults:2)
  An ettin skeleton (Crypt:3)
  6 shadows
  Sigmund (D:3)
  A guardian serpent skeleton (Crypt:2)
  2 redbacks (Vaults:4)
  A satyr skeleton (Crypt:1)
  14 spriggans
  8 wraiths
  57 yaks
  A tarantella (Vaults:4)
  3 wyverns
  5 vampires
  2 ushabtiu (Tomb:1)
  11 water elementals
  4 hogs (D:7)
  4 fire elementals
  3 basilisks
  3 humans
  Grum (D:9)
  A black mamba skeleton (Crypt:1)
  25 vampire mosquitoes
  An emperor scorpion simulacrum (Crypt:3)
  10 hippogriffs
  3 mottled dragons
  3 hungry ghosts
  6 insubstantial wisps (Swamp:2)
  66 nagas
  A soldier ant (shapeshifter) (Elf:2)
  22 swamp worms
  Menkaure (D:6)
  3 wargs
  A gelid demonspawn skeleton (Crypt:3)
  5 giant eyeballs
  10 soldier ants
  A hell hound (shapeshifter) (Vaults:3)
  4 hell hounds (Lair:6)
  8 porcupines
  12 water moccasins
  A gelid demonspawn zombie (Crypt:2)
  A black bear (D:11)
  A faun skeleton (Crypt:3)
  5 sky beasts
  A spiny frog skeleton (Crypt:2)
  A hornet simulacrum (D:15)
  45 orc warriors
  11 swamp drakes
  An alligator simulacrum (Crypt:1)
  8 ice beasts
  A swamp dragon zombie (Crypt:2)
  23 wasps
  A phantom (D:3)
  11 boggarts
  3 necrophages
  An eye of draining (shapeshifter) (Depths:4)
  2 eyes of draining
  4 wolves
  11 centaurs
  A snapping turtle skeleton (Crypt:1)
  2 human skeletons
  50 ogres
  5 big kobolds
  15 crocodiles
  A hog skeleton (Crypt:2)
  21 giant frogs
  4 earth elementals
  A komodo dragon skeleton (Crypt:1)
  A water moccasin zombie (D:5)
  A wyvern zombie (D:8)
  5 scorpions
  A wyvern skeleton (D:14)
  A cyclops skeleton (Crypt:1)
  31 killer bees
  A yak zombie (Crypt:1)
  A shapeshifter zombie (Crypt:2)
  4 wights
  16 electric eels
  14 crimson imps
  7 howler monkeys
  A wolf skeleton (Crypt:2)
  A demonspawn zombie (Crypt:3)
  2 giant frog zombies
  A draconian simulacrum (IceCv)
  2 jellies
  14 hounds
  25 orc priests
  10 centaur skeletons
  40 orc wizards
  3 giant frog skeletons
  An iron imp (Orc:2)
  8 iguanas
  Ijyb (D:2)
  42 worker ants
  3 troll simulacra (IceCv)
  A deep dwarf zombie (Crypt:3)
  A crocodile zombie (Crypt:3)
  15 mummies
  2 howler monkey zombies
  3 worker ant zombies
  17 gnolls
  14 adders
  85 river rats
  A naga simulacrum (IceCv)
  5 ogre simulacra (IceCv)
  10 shadow imps
  14 white imps
  2 oozes
  An adder zombie (Crypt:1)
  4 adder skeletons
  3 worms
  4 dart slugs
  4 giant geckos
  112 orcs
  4 ball pythons
  6 bats
  A bat zombie (Crypt:3)
  6 giant cockroaches
  10 goblins
  6 hobgoblins
  13 jackals
  36 kobolds
  5 quokkas
  A ball python skeleton (D:5)
  8 giant newts
  A jackal skeleton (D:7)
  A jackal zombie (Crypt:3)
  A kobold skeleton (Crypt:3)
  7 rats
  A briar patch (Swamp:4)
  2 crawling corpses (Vaults:4)
  3 spectral weapons (Zig:8)
2879 creatures vanquished.

Vanquished Creatures (collateral kills)
  A tengu reaver (Vaults:5)
  An iron dragon (Vaults:5)
  A war gargoyle (Vaults:5)
  An ettin (Vaults:5)
  A blink frog (Lair:1)
  4 soldier ants (Lair:3)
  2 killer bees
  2 worker ants (Lair:3)
  A gnoll (D:3)
14 creatures vanquished.

Vanquished Creatures (others)
  6 deep elf master archers
  A fire giant (Crypt:2)
  4 stone giants
  An eidolon (Crypt:1)
  3 yaktaur captains
  An ogre mage (Vaults:2)
  3 centaur warriors
  2 naga sharpshooters (Snake:4)
  3 deep elf knights
  2 shadow wraiths
  A ghost moth zombie (Crypt:1)
  A swamp dragon (Zig:7)
  6 deep elf archers
  5 cyclopes
  2 deep elf magi
  A spiny frog (Zig:6)
  10 yaktaurs
  A tengu conjurer (D:15)
  3 trolls (D:10)
  A two-headed ogre (Vaults:5)
  A giant leech (Zig:7)
  A yak (D:10)
  5 humans (D:15)
  A hippogriff (Lair:3)
  2 insubstantial wisps
  An orc warrior (Vaults:3)
  A swamp drake (Zig:7)
  A wasp (Zig:7)
  2 ogres
  6 centaurs
  A giant frog (D:10)
  A wight (D:10)
  A killer bee (D:9)
  A howler monkey (D:10)
  A jelly (D:15)
  A worker ant (Lair:3)
  An adder (D:3)
  3 orcs
  A kobold (D:12)
  3 briar patches
  A fulminant prism (D:10)
  9 fungi
  42 plants
  64 spectral weapons
208 creatures vanquished.

Grand Total: 3101 creatures vanquished

Notes
Turn   | Place    | Note
-------+----------+-------------------------------------------
     0 | D:1      | GameOver the Naga Wizard began the quest for the Orb.
     0 | D:1      | Reached XP level 1. HP: 15/15 MP: 4/4
   124 | D:1      | Reached XP level 2. HP: 22/22 MP: 3/6
   128 | D:1      | Learned a level 2 spell: Blink
   378 | D:1      | Reached XP level 3. HP: 28/28 MP: 7/7
   632 | D:2      | Learned a level 2 spell: Repel Missiles
   636 | D:2      | Learned a level 3 spell: Mephitic Cloud
   641 | D:2      | Found a faded altar of an unknown god.
   642 | D:2      | Noticed Ijyb
   682 | D:3      | Found a deep blue altar of Sif Muna.
   843 | D:3      | Reached skill level 1 in Poison Magic
   843 | D:3      | Reached XP level 4. HP: 36/36 MP: 4/8
   860 | D:3      | Reached skill level 1 in Air Magic
   891 | D:3      | Noticed Sigmund
   912 | D:3      | Killed Sigmund
   912 | D:3      | Reached XP level 5. HP: 37/42 MP: 0/9
   912 | D:3      | Reached XP level 6. HP: 43/49 MP: 0/10
  1170 | D:3      | Noticed slayr's ghost (amateur TeFE)
  1219 | D:2      | Killed Ijyb
  1777 | D:3      | Reached skill level 5 in Conjurations
  1777 | D:3      | Reached XP level 7. HP: 47/55 MP: 7/11
  2155 | D:4      | Reached skill level 1 in Charms
  2574 | D:4      | Reached skill level 5 in Poison Magic
  2801 | D:4      | Reached skill level 1 in Fighting
  3042 | D:4      | Found a hide-covered altar of Uskayaw.
  3169 | D:3      | Found a sparkling altar of Nemelex Xobeh.
  3557 | D:5      | Entered Level 5 of the Dungeon
  3584 | D:5      | Found a staircase to the Ecumenical Temple.
  3595 | Temple   | Entered the Ecumenical Temple
  3847 | D:5      | Reached XP level 8. HP: 44/67 MP: 6/12
  3943 | D:5      | Reached skill level 5 in Stealth
  4377 | D:5      | Reached skill level 1 in Armour
  4401 | D:5      | Reached skill level 1 in Maces & Flails
  4469 | D:5      | Noticed Pikel
  4487 | D:5      | Killed Pikel
  4487 | D:5      | Reached XP level 9. HP: 49/78 MP: 1/13
  4899 | D:5      | Reached skill level 2 in Armour
  5044 | D:6      | Noticed Menkaure
  5050 | D:6      | Killed Menkaure
  5102 | D:6      | Found a glowing drain.
  5173 | Sewer    | Entered a sewer
  6138 | D:7      | Reached skill level 3 in Armour
  6152 | D:7      | Got a pair of dazzling gloves
  6158 | D:7      | Identified the +2 pair of gloves "Ofieg" {Str+4} (You found it on level 7 of the Dungeon)
  6177 | D:7      | Reached skill level 5 in Fighting
  6316 | D:7      | Reached XP level 10. HP: 80/88 MP: 2/14
  6422 | D:7      | Reached skill level 5 in Maces & Flails
  7122 | D:7      | Found a white marble altar of Elyvilon.
  7251 | D:8      | Found an iron altar of Okawaru.
  7281 | D:8      | Reached skill level 4 in Armour
  7288 | D:8      | Became a worshipper of Warmaster Okawaru
  7728 | D:8      | Found a blossoming altar of Fedhas.
  7730 | D:8      | Noticed an oklob plant
  7730 | D:8      | Noticed an oklob plant
  8210 | D:9      | Found a sparkling altar of Nemelex Xobeh.
  8252 | D:9      | Noticed Erica
  8274 | D:9      | Killed Erica
  8274 | D:9      | Reached skill level 5 in Dodging
  8350 | D:9      | Noticed Grum
  8356 | D:9      | Killed Grum
  8360 | D:9      | Reached * piety under Okawaru
  8534 | D:9      | Found a blossoming altar of Fedhas.
  8834 | D:9      | Reached XP level 11. HP: 99/99 MP: 15/15
  8866 | D:9      | Reached skill level 5 in Armour
  8903 | D:9      | Reached ** piety under Okawaru
  9026 | D:10     | Entered Level 10 of the Dungeon
  9093 | D:10     | Noticed a hill giant
  9110 | D:10     | Killed a hill giant
  9166 | D:10     | Noticed sergedm's ghost (novice DECj)
  9332 | D:10     | Found a shimmering altar of Xom.
  9592 | D:11     | Reached *** piety under Okawaru
 10177 | D:11     | Found a staircase to the Lair.
 10205 | D:11     | Noticed an unseen horror
 10215 | D:11     | Killed an unseen horror
 10215 | D:11     | Reached **** piety under Okawaru
 10284 | D:11     | Noticed Nergalle
 10306 | D:11     | Killed Nergalle
 10306 | D:11     | Reached skill level 10 in Maces & Flails
 10363 | D:11     | Received a gift from Okawaru
 10544 | D:11     | Noticed Harold
 10567 | Lair:1   | Entered Level 1 of the Lair of Beasts
 10636 | Lair:1   | Reached XP level 12. HP: 70/109 MP: 3/16
 10657 | Lair:1   | Reached ***** piety under Okawaru
 10855 | Lair:1   | Found a dark tunnel.
 10862 | Volcano  | Entered a volcano
 12774 | Lair:3   | Reached skill level 6 in Armour
 12891 | Lair:3   | Noticed a queen ant
 12920 | Lair:3   | Killed a queen ant
 13032 | Lair:3   | Noticed Kidiri's ghost (journeyman DEFE)
 13047 | Lair:3   | Killed Kidiri's ghost
 13106 | Lair:3   | Found a staircase to the Swamp.
 13218 | Lair:3   | Reached skill level 7 in Armour
 13244 | Lair:3   | Found a staircase to the Snake Pit.
 13257 | Lair:3   | Received a gift from Okawaru
 13289 | Lair:3   | Gained mutation: You can use your snake-like lower body to constrict enemies. [Naga growth]
 13289 | Lair:3   | Reached XP level 13. HP: 60/115 MP: 11/17
 13566 | Lair:4   | Reached skill level 8 in Armour
 14471 | Lair:2   | Gained mutation: You are dopey. (Int -2) [potion of mutation]
 14471 | Lair:2   | Gained mutation: Your spells are a little harder to cast, but a little more powerful. [potion of mutation]
 14471 | Lair:2   | Gained mutation: Your tail ends in a poisonous barb. [potion of mutation]
 14472 | Lair:2   | Lost mutation: Your spells are a little harder to cast, but a little more powerful. [potion of cure mutation]
 14472 | Lair:2   | Lost mutation: Your tail ends in a poisonous barb. [potion of cure mutation]
 14472 | Lair:2   | Lost mutation: You are dopey. (Int -2) [potion of cure mutation]
 14473 | Lair:2   | Gained mutation: You are partially covered in slimy green scales. (AC +2) [potion of beneficial mutation]
 14573 | D:11     | Found a staircase to the Orcish Mines.
 14693 | D:11     | Killed Harold
 14807 | D:12     | Reached skill level 9 in Armour
 15063 | D:12     | Reached ****** piety under Okawaru
 15114 | D:12     | Reached skill level 10 in Armour
 15207 | D:12     | Received a gift from Okawaru
 15469 | D:12     | Received a gift from Okawaru
 15476 | D:12     | Got a distressingly furry naga barding {god gift}
 15487 | D:12     | Identified the +0 naga barding of the Pink Corner {MR+ Int+2} (Okawaru gifted it to you on level 12 of the Dungeon)
 15588 | D:12     | Found Micso's Food Emporium.
 15846 | D:13     | Reached skill level 11 in Armour
 15862 | D:13     | Found a gate to the Vaults.
 15862 | D:13     | Noticed a vault guard
 15862 | D:13     | Noticed a vault guard
 15862 | D:13     | Noticed a vault guard
 15862 | D:13     | Noticed a vault guard
 15874 | D:13     | Reached XP level 14. HP: 96/123 MP: 15/18
 16316 | D:13     | Reached skill level 12 in Armour
 16910 | D:14     | Found a blossoming altar of Fedhas.
 17017 | D:14     | Received a gift from Okawaru
 17265 | D:14     | Reached skill level 13 in Armour
 17664 | Lair:5   | Found a staircase to the Slime Pits.
 17729 | Lair:5   | Noticed Rupert
 17747 | Lair:5   | Killed Rupert
 17783 | Lair:5   | Found a blossoming altar of Fedhas.
 18492 | Lair:6   | Entered Level 6 of the Lair of Beasts
 18503 | Lair:6   | Reached XP level 15. HP: 129/129 MP: 19/19
 18510 | Lair:6   | Reached skill level 14 in Armour
 18533 | Lair:6   | Noticed Protee's ghost (journeyman DrTm)
 18582 | Lair:6   | Killed Protee's ghost
 18751 | Lair:6   | Reached skill level 1 in Invocations
 18889 | Lair:5   | Received a gift from Okawaru
 19522 | Lair:6   | Found a burning altar of Makhleb.
 19593 | Lair:6   | Reached skill level 15 in Armour
 19638 | Lair:6   | Found a gateway to Hell.
 19910 | Swamp:1  | Entered Level 1 of the Swamp
 19923 | Swamp:1  | Received a gift from Okawaru
 20132 | Swamp:1  | Reached skill level 5 in Invocations
 20769 | Swamp:2  | Noticed a thorn hunter
 20797 | Swamp:2  | Killed a thorn hunter
 20883 | Swamp:2  | Received a gift from Okawaru
 20884 | Swamp:2  | Got a steaming naga barding {god gift}
 20895 | Swamp:2  | Identified the +0 naga barding "Uxtifeiw" {rElec MR- Dex+4 Stlth+} (Okawaru gifted it to you on level 2 of the Swamp)
 21017 | Swamp:2  | Got a pitted halberd
 21018 | Swamp:2  | Identified the +8 halberd of Duymudgh {antimagic, Dex+8 Stlth-} (You found it on level 2 of the Swamp)
 21083 | Swamp:2  | Reached XP level 16. HP: 74/138 MP: 11/20
 21293 | Swamp:2  | Noticed Louise
 21314 | Swamp:2  | Killed Louise
 21423 | Swamp:2  | Reached skill level 16 in Armour
 22382 | Swamp:3  | Received a gift from Okawaru
 22544 | Swamp:3  | Noticed a thorn hunter
 22560 | Swamp:3  | Killed a thorn hunter
 22919 | Snake:1  | Entered Level 1 of the Snake Pit
 23194 | Snake:1  | Received a gift from Okawaru
 23195 | Snake:1  | Got a steaming naga barding {god gift}
 23206 | Snake:1  | Identified the +3 naga barding "Iroloddu" {rF+ rC+ Int+3} (Okawaru gifted it to you on level 1 of the Snake Pit)
 23324 | Snake:1  | Reached skill level 17 in Armour
 24072 | Snake:2  | Noticed a greater naga
 24750 | Snake:2  | Reached XP level 17. HP: 95/144 MP: 21/21
 24835 | Snake:2  | Received a gift from Okawaru
 24890 | Snake:2  | Reached skill level 18 in Armour
 25020 | Snake:2  | Found Feof Kuatwoh's Antique Weapon Shoppe.
 25133 | Snake:2  | Reached skill level 1 in Shields
 25233 | Snake:2  | Received a gift from Okawaru
 25768 | Snake:3  | Noticed Asterion
 25808 | Snake:3  | Killed Asterion
 25817 | Snake:3  | Got a distressingly furry shield
 25823 | Snake:3  | Identified the +5 shield "Gemuc" {rF+ MR+ rCorr} (You took it off Asterion on level 3 of the Snake Pit)
 27341 | Lair:2   | Learned a level 6 spell: Deflect Missiles
 27427 | D:15     | Entered Level 15 of the Dungeon
 27468 | D:15     | Noticed Kirke
 27474 | D:15     | Received a gift from Okawaru
 27474 | D:15     | Reached skill level 5 in Shields
 27483 | D:15     | Killed Kirke
 27500 | D:15     | Got a pitted lead ring
 27502 | D:15     | Identified the ring of Akhuo {rF+ SInv} (You found it on level 15 of the Dungeon)
 27519 | D:15     | Found Deewiclak's Book Shoppe.
 27653 | D:15     | Paralysed by a giant eyeball for 2 turns
 27736 | D:15     | Got a flickering lapis lazuli ring
 27738 | D:15     | Identified the ring of Wauhai {Fire +Blink Int-2 Dex+9 Slay-3} (You found it on level 15 of the Dungeon)
 27756 | D:15     | Found Yrubequrgh's Book Boutique.
 27806 | D:15     | Reached XP level 18. HP: 148/154 MP: 22/22
 27968 | D:15     | Got a sparkling amber ring
 27970 | D:15     | Identified the ring "Woczao" {rF+ rC+ SInv Stlth-} (You found it on level 15 of the Dungeon)
 28043 | D:15     | Found a staircase to the Depths.
 28559 | D:15     | Found Ocyxoliyty's Weapon Shop.
 28737 | Orc:1    | Entered Level 1 of the Orcish Mines
 28787 | Orc:1    | Received a gift from Okawaru
 28794 | Orc:1    | Found a roughly hewn altar of Beogh.
 28813 | Orc:1    | Found a frozen archway.
 28880 | IceCv    | Entered an ice cave
 29656 | Orc:2    | Entered Level 2 of the Orcish Mines
 29657 | Orc:2    | Found a staircase to the Elven Halls.
 29657 | Orc:2    | Found Ostraf's General Store.
 29693 | Orc:2    | Bought a scroll of enchant armour for 82 gold pieces
 29774 | Orc:2    | Found Tuuskin Vung's Jewellery Shoppe.
 29842 | Orc:1    | Reached skill level 19 in Armour
 30347 | Orc:2    | Found Onwoakk's Antique Armour Shop.
 30414 | Orc:2    | Found Ywerunast's Antique Weapon Shoppe.
 30586 | Elf:1    | Entered Level 1 of the Elven Halls
 30893 | Elf:1    | Found Hoedgh's Food Emporium.
 31746 | Elf:1    | Noticed Frances
 31756 | Elf:1    | Killed Frances
 31998 | Lair:2   | Identified a scroll of acquirement
 32089 | Lair:3   | Reached skill level 5 in Air Magic
 32147 | Swamp:4  | Entered Level 4 of the Swamp
 32337 | Swamp:4  | Received a gift from Okawaru
 32344 | Swamp:4  | Got a heavily runed hat {god gift}
 32355 | Swamp:4  | Identified the +0 hat of the Dice {rF+ Int+3} (Okawaru gifted it to you on level 4 of the Swamp)
 32395 | Swamp:4  | Reached XP level 19. HP: 137/160 MP: 18/25
 32486 | Swamp:4  | Noticed the 27-headed Lernaean hydra
 32512 | Swamp:4  | Killed the 27-headed Lernaean hydra
 32512 | Swamp:4  | Reached skill level 10 in Shields
 33066 | Swamp:4  | Got a decaying rune of Zot
 33388 | Lair:2   | Upgraded the game from 0.19-a0-1513-gf6d23ed to 0.19-a0-1532-g228a5d9
 33590 | Snake:4  | Entered Level 4 of the Snake Pit
 33683 | Snake:4  | Reached skill level 5 in Charms
 33753 | Snake:4  | Reached skill level 5 in Translocations
 34993 | Snake:4  | Got a serpentine rune of Zot
 35496 | Snake:4  | Received a gift from Okawaru
 35575 | Snake:4  | Reached XP level 20. HP: 166/169 MP: 21/26
 35700 | Snake:4  | Found a runed door.
 35758 | Snake:4  | Gained mutation: You are resistant to electric shocks. (rElec) [potion of beneficial mutation]
 36881 | Elf:2    | Received a gift from Okawaru
 36884 | Elf:2    | Found a runed gate.
 36884 | Elf:2    | Found a runed gate.
 36884 | Elf:2    | Found a runed gate.
 37082 | Elf:3    | Entered Level 3 of the Elven Halls
 37288 | Elf:3    | Found Cisedoj's Assorted Antiques.
 37294 | Elf:3    | Bought a potion of curing for 93 gold pieces
 37527 | Elf:3    | Noticed Bai Suzhen
 37557 | Elf:3    | Killed Bai Suzhen
 37610 | Elf:3    | Noticed Saint Roka
 37616 | Elf:3    | Noticed Mara
 37646 | Elf:3    | Noticed GameOver's illusion
 37651 | Elf:3    | Killed Saint Roka
 37728 | Elf:3    | Killed Mara
 38456 | Elf:3    | Got a wavering copper ring
 38508 | Elf:3    | Received a gift from Okawaru
 38546 | Elf:3    | Identified the Compendium of Flamy Calling
 38612 | Elf:3    | Identified the ring of Arode {rCorr rN+ Int+2 Dex+2 SInv} (You took it off a deep elf elementalist on level 3 of the Elven Halls)
 38629 | Elf:3    | Got a polished plate armour
 38642 | Elf:3    | Identified the cursed +0 plate armour "Umnef" {*Confuse rElec Int+10} (You found it on level 3 of the Elven Halls)
 38664 | Elf:3    | Got an ichor-stained robe {god gift}
 38675 | Elf:3    | Identified the +2 robe of Darkness {Str+6 Int-4 Dex+8} (Okawaru gifted it to you on level 3 of the Elven Halls)
 39012 | Elf:3    | Learned a level 2 spell: Sublimation of Blood
 39332 | Elf:2    | Reached XP level 21. HP: 162/176 MP: 27/27
 40139 | D:15     | Bought the Papyrus of Earthen Protection for 833 gold pieces
 40159 | D:15     | Learned a level 3 spell: Regeneration
 40163 | D:15     | Learned a level 3 spell: Spectral Weapon
 40222 | Vaults:1 | Entered Level 1 of the Vaults
 40267 | Vaults:1 | Reached skill level 10 in Charms
 40292 | Vaults:1 | Received a gift from Okawaru
 40305 | Vaults:1 | Reached skill level 1 in Hexes
 40310 | Vaults:1 | Reached skill level 10 in Air Magic
 40330 | Vaults:1 | Gained mutation: Your body sometimes deteriorates upon taking damage. [a neqoxec]
 40380 | Vaults:1 | Reached skill level 1 in Necromancy
 40394 | Vaults:1 | Got a heavily runed sapphire amulet
 40396 | Vaults:1 | Identified the amulet of the Lost Deaths {Spirit Dex+3} (You found it on level 1 of the Vaults)
 40793 | Vaults:1 | Noticed Nikola
 40816 | Vaults:1 | Killed Nikola
 42439 | Vaults:2 | Reached skill level 5 in Hexes
 42460 | Vaults:2 | Reached skill level 5 in Necromancy
 42730 | Vaults:2 | Received a gift from Okawaru
 42739 | Vaults:2 | Reached skill level 15 in Shields
 42739 | Vaults:2 | Reached XP level 22. HP: 183/183 MP: 28/28
 42818 | Vaults:2 | Found Toasul's Book Shoppe.
 43202 | Vaults:2 | Received a gift from Okawaru
 43208 | Vaults:2 | Got a scorched chain mail {god gift}
 43219 | Vaults:2 | Identified the +8 chain mail of Disguise {+Inv rC+ Int-2} (Okawaru gifted it to you on level 2 of the Vaults)
 44130 | Vaults:3 | Found a staircase to the Crypt.
 44260 | Vaults:3 | Got a dazzling war axe {antimagic}
 44271 | Vaults:3 | Identified the +8 war axe of Yredelemnul's Pride {antimagic, rN+ Str+9 Int-4} (You took it off a deep elf mage on level 3 of the Vaults)
 45269 | Vaults:4 | Noticed Margery
 45304 | Vaults:4 | Killed Margery
 45304 | Vaults:4 | Received a gift from Okawaru
 45576 | Vaults:4 | Received a gift from Okawaru
 45842 | Vaults:4 | Reached XP level 23. HP: 190/190 MP: 29/29
 45858 | Vaults:4 | Noticed Xtahua
 45899 | Vaults:4 | Killed Xtahua
 46704 | Vaults:4 | Reached skill level 15 in Air Magic
 47561 | Vaults:5 | Entered Level 5 of the Vaults
 47683 | Vaults:4 | Received a gift from Okawaru
 47950 | Vaults:5 | Noticed a golden dragon
 47988 | Vaults:4 | Killed a golden dragon
 48229 | Vaults:5 | Received a gift from Okawaru
 48663 | Vaults:5 | Reached XP level 24. HP: 198/198 MP: 20/29
 48717 | Vaults:5 | Noticed Sojobo
 48773 | Vaults:5 | Killed Sojobo
 48821 | Vaults:5 | Got a coiled amber ring
 48954 | Vaults:5 | Got an ichor-stained great sword
 48960 | Vaults:5 | Identified the +12 great sword "Lesuredidepp" {drain, +Blink rPois} (You found it on level 5 of the Vaults)
 48977 | Vaults:5 | Got a glittering turquoise ring
 48979 | Vaults:5 | Identified the ring "Xugoho Joyr" {Ice rPois} (You found it on level 5 of the Vaults)
 48984 | Vaults:5 | Identified the ring of Pragmatism {MR++ Int-3 SInv} (You took it off a vault warden on level 5 of the Vaults)
 49117 | Vaults:5 | Identified the Handbook of the Mutagenic Escort
 49249 | Vaults:5 | Got a silver rune of Zot
 49389 | Vaults:5 | Received a gift from Okawaru
 49400 | Vaults:5 | Identified the Compendium of Aerial Changing
 49602 | Vaults:5 | Reached skill level 15 in Maces & Flails
 50287 | Vaults:5 | Got a translucent chain mail
 50298 | Vaults:5 | Identified the cursed +0 chain mail "Uskoest" {*Contam *Drain rCorr Dex+4} (You found it on level 5 of the Vaults)
 50334 | Vaults:5 | Identified a +4 rod of inaccuracy (11/11) (You took it off a yaktaur captain on level 5 of the Vaults)
 50365 | Vaults:5 | Got a jewelled triple crossbow
 50371 | Vaults:5 | Identified the +3 triple crossbow of the Evil Eye {venom, rC+ Int+6} (You took it off a yaktaur captain on level 5 of the Vaults)
 51020 | D:10     | Killed sergedm's ghost
 51191 | Temple   | Fell from the grace of Okawaru
 51191 | Temple   | Became a worshipper of Kikubaaqudgha
 51454 | Crypt:1  | Entered Level 1 of the Crypt
 52554 | Crypt:1  | Reached * piety under Kikubaaqudgha
 52554 | Crypt:1  | Identified Kikubaaqudgha's Incunabulum of Unholy Secrets (Kikubaaqudgha gifted it to you on level 1 of the Crypt)
 52554 | Crypt:1  | Received a gift from Kikubaaqudgha
 52763 | Crypt:2  | Noticed Boris
 52773 | Crypt:2  | Killed Boris
 52776 | Crypt:2  | Noticed an ancient lich
 52801 | Crypt:2  | Killed an ancient lich
 52801 | Crypt:2  | Reached XP level 25. HP: 209/210 MP: 25/30
 52863 | Crypt:2  | Reached skill level 5 in Spellcasting
 53016 | Crypt:2  | Noticed Khufu
 53052 | Crypt:2  | Noticed a greater mummy
 53290 | Crypt:2  | Reached ** piety under Kikubaaqudgha
 53564 | Crypt:2  | Killed Khufu
 53564 | Crypt:2  | Reached skill level 10 in Fighting
 53728 | Crypt:2  | Killed a greater mummy
 53913 | Crypt:3  | Entered Level 3 of the Crypt
 54887 | Crypt:3  | Reached *** piety under Kikubaaqudgha
 54887 | Crypt:3  | Identified Kikubaaqudgha's Disquisition on Darkness (Kikubaaqudgha gifted it to you on level 3 of the Crypt)
 54887 | Crypt:3  | Received a gift from Kikubaaqudgha
 54891 | Crypt:3  | Found a staircase to the Tomb.
 54911 | Crypt:3  | Learned a level 5 spell: Dispel Undead
 55144 | Crypt:3  | Noticed a greater mummy
 55157 | Crypt:3  | Killed a greater mummy
 55505 | Crypt:3  | Found an ancient bone altar of Kikubaaqudgha.
 55511 | Crypt:3  | Found a basalt altar of Yredelemnul.
 55524 | Crypt:3  | Identified the Handbook of Self-Improvement and Air
 55538 | Crypt:3  | Learned a level 5 spell: Silence
 56284 | Depths:1 | Entered Level 1 of the Depths
 56515 | Depths:1 | Reached **** piety under Kikubaaqudgha
 57231 | Depths:1 | Reached XP level 26. HP: 225/229 MP: 35/35
 57296 | Depths:1 | Reached skill level 10 in Necromancy
 57390 | Depths:1 | Got a smoking scale mail
 57391 | Depths:1 | Identified the +7 scale mail of Refuge {rF+ rN+ rCorr Int-4} (You found it on level 1 of the Depths)
 57519 | Depths:1 | Reached ***** piety under Kikubaaqudgha
 57845 | Depths:2 | Found a glowing golden altar of the Shining One.
 58012 | Depths:2 | Noticed the Enchantress
 58072 | Depths:2 | Killed the Enchantress
 58074 | Depths:2 | Got a faerie dragon armour
 58078 | Depths:2 | Was forgiven by Okawaru
 58303 | Depths:2 | Identified the +2 faerie dragon armour {rElec Str+3 Stlth+} (You took it off the Enchantress on level 2 of the Depths)
 58327 | Depths:2 | Paralysed by a giant eyeball for 4 turns
 58387 | Depths:2 | Reached skill level 10 in Spellcasting
 58523 | Depths:2 | Found a gateway to a ziggurat.
 58542 | Zig:1    | Entered Level 1 of a ziggurat
 58576 | Zig:2    | Entered Level 2 of a ziggurat
 58577 | Zig:2    | Noticed a juggernaut
 58588 | Zig:2    | Killed a juggernaut
 58601 | Zig:2    | Learned a level 1 spell: Apportation
 58609 | Zig:2    | Gained mutation: You possess an exceptional clarity of mind. [potion of beneficial mutation]
 58612 | Zig:3    | Entered Level 3 of a ziggurat
 58676 | Zig:4    | Entered Level 4 of a ziggurat
 58729 | Zig:5    | Entered Level 5 of a ziggurat
 58764 | Zig:5    | Noticed a greater mummy
 58764 | Zig:5    | Noticed a greater mummy
 58778 | Zig:5    | Killed a greater mummy
 58787 | Zig:5    | Killed a greater mummy
 58819 | Zig:5    | Gained mutation: You have a pair of small horns on your head. [potion of beneficial mutation]
 58905 | Zig:6    | Entered Level 6 of a ziggurat
 58974 | Zig:7    | Entered Level 7 of a ziggurat
 59072 | Zig:7    | Reached XP level 27. HP: 236/236 MP: 37/37
 59082 | Zig:8    | Entered Level 8 of a ziggurat
 59089 | Zig:8    | Learned a level 5 spell: Agony
 59117 | Zig:8    | Noticed a juggernaut
 59137 | Zig:8    | Reached ****** piety under Kikubaaqudgha
 59146 | Zig:8    | Killed a juggernaut
 59206 | Zig:8    | Got a clouded iron ring
 59208 | Zig:8    | Identified the ring of Qamnureps {rPois rF+++ MR+ Int-5 Stlth-} (You found it on level 8 of a ziggurat)
 59211 | Zig:8    | Identified the Grimoire of Talismans and the Frostbite
 59325 | Zig:8    | Received a gift from Kikubaaqudgha
 59336 | Zig:8    | Learned a level 8 spell: Necromutation
 59361 | Depths:2 | Reached skill level 1 in Transmutations
 59545 | Depths:2 | Found a one-way gate to the infinite horrors of the Abyss.
 60642 | Depths:2 | Reached skill level 5 in Transmutations
 60701 | Depths:2 | Identified Sif Muna's Incunabulum of Assistive Envenoming
 61072 | Depths:3 | Found Hiodynk's Gadget Emporium.
 61076 | Depths:3 | Found Huquff Hopn's General Store.
 61082 | Depths:3 | Bought a scroll of recharging for 180 gold pieces
 61082 | Depths:3 | Bought a potion of agility for 76 gold pieces
 61204 | Depths:3 | Found a one-way gate leading to the halls of Pandemonium.
 61342 | Depths:3 | Got an ancient quarterstaff
 61343 | Depths:3 | Identified the +6 quarterstaff of Disaster {drain, rC+ MR- Dex+8} (You found it on level 3 of the Depths)
 61377 | Depths:4 | Reached skill level 15 in Necromancy
 61593 | Depths:4 | Noticed a juggernaut
 61633 | Depths:4 | Killed a juggernaut
 61922 | Depths:4 | Got a jewelled demon whip
 62564 | Depths:4 | Reached skill level 10 in Transmutations
 62578 | Depths:4 | Identified the +5 demon whip of a volcano {venom, rC+} (You found it on level 4 of the Depths)
 62958 | Depths:4 | Found Iplanam's Jewellery Emporium.
 62959 | Depths:4 | Found Eqixt's Gadget Shop.
 62960 | Depths:4 | Found Ganlot's Jewellery Emporium.
 62969 | Depths:4 | Bought the ring of Twilight {Wiz +Fly MR++ Dex+2} for 878 gold pieces
 63198 | Depths:5 | Entered Level 5 of the Depths
 63771 | Depths:5 | Noticed a juggernaut
 63778 | Depths:5 | Killed a juggernaut
 63833 | Depths:5 | Found a gate to the Realm of Zot.
 64095 | Depths:5 | Got a flickering granite ring
 64097 | Depths:5 | Identified the ring of Aridghan {rElec rPois rC+ Str+5 Int+3} (You found it on level 5 of the Depths)
 64806 | Slime:1  | Entered Level 1 of the Pits of Slime
 64889 | Slime:1  | Gained mutation: You are frail. (-10% HP) [a shining eye]
 64890 | Slime:1  | Gained mutation: You expend magic power (3 MP) to strengthen your wands. [a shining eye]
 65065 | Lair:2   | Lost mutation: You are frail. (-10% HP) [potion of cure mutation]
 65065 | Lair:2   | Lost mutation: You have a pair of small horns on your head. [potion of cure mutation]
 65065 | Lair:2   | Lost mutation: Your body sometimes deteriorates upon taking damage. [potion of cure mutation]
 65065 | Lair:2   | Lost mutation: You possess an exceptional clarity of mind. [potion of cure mutation]
 65065 | Lair:2   | Lost mutation: You are resistant to electric shocks. (rElec) [potion of cure mutation]
 65415 | Tomb:1   | Entered Level 1 of the Tomb of the Ancients
 65579 | Tomb:1   | Noticed a greater mummy
 65607 | Tomb:1   | Noticed a greater mummy
 65619 | Tomb:1   | HP: 9/236 [jiangshi[a greater mummy] (7)]
 65619 | Tomb:1   | Slain by a jiangshi

Vault maps used:
D:1:      minmay_arrival_four_loops
D:2:      ecumenical_altar_1, uniq_iyjb
D:3:      led_sif_book, first_bread, nemelex_lonely_heart_becter, uniq_sigmund
D:4:      general_overflow_altar, lemuel_another_geyser
D:5:      corner_web_ring, eino_small_chamber_without_monster, uniq_pikel
D:6:      gup_sewer_entry_glass, interstate_on_off, uniq_menkaure
D:7:      lemuel_coloured_pillars_altar, grunt_livestock,
          minmay_item_behind_shaft, minmay_statues_item
D:8:      okawaru_humans, serial_co_window_serial, co_window_paths_a,
          co_window_paths_b, co_window_of_opportunity_a, co_window_corner_a,
          co_window_paths_a, co_window_unsneaky_path_c, co_window_2corner,
          co_window_corner_cb, glass_columns_b, glass_columns_b,
          glass_columns_b, hangedman_tree_tricks
D:9:      marbit_many_paths, nemelex_xobeh_ov_fountains_minmay, uniq_erica,
          uniq_grum
D:10:     grunt_decor_fettered, xom_confusion_cloud
D:11:     erik_lair_island, orc_0_dummy, uniq_nergalle, uniq_harold
D:12:     serial_shops, shop
D:13:     lightli_vaults_fourway_checkpoint
D:14:     fedhas_altar_3, hangedman_corner_corridor
D:15:     hangedman_spin_cycle, uniq_kirke
Temple:   regret_index_temple_generic_petals
Lair:1:   enter_volcano_2, grunt_megastairs_2, lemuel_fruit_fields,
          infiniplex_staircase_pool, lemuel_fruit_tree
Lair:2:   minivault_19, serial_bayou_crossing
Lair:3:   minmay_swamp_entry_swarm, zaba_anthell, serial_bayou_shore_a
Lair:5:   slime_dummy, basic_altar, columned_hall_lemuel, uniq_rupert
Lair:6:   evil_forest, grunt_megastairs_5
Swamp:1:  evilmike_swamp_ruin_house_1
Swamp:2:  serial_swamp_ruin, evilmike_swamp_ruin_house_6,
          evilmike_swamp_ruin_rubble_1, evilmike_swamp_ruin_house_3, uniq_louise
Swamp:3:  evilmike_swamp_ruin_house_4
Swamp:4:  swamp_old_school
Snake:1:  serial_bayou, serial_bayou_lagoon_a, serial_bayou_shore_b,
          serial_bayou_lake_a, serial_bayou_pond_d
Snake:2:  serial_shops, shop
Snake:3:  uniq_asterion
Snake:4:  grunt_snake_rune_pools, lightli_airlock, grunt_megastairs_1
Slime:1:  nicolae_slime_barrier
Orc:1:    basic_altar, portal_ice_cave_entry_imps
Orc:2:    grunt_orc_gardens, grunt_orc_garden, grunt_orc_garden,
          grunt_orc_garden, grunt_orc_garden, hangedman_minor_magic
Elf:1:    eino_elf_arrival_shootout, serial_shops, shop, evilmike_minifort,
          uniq_frances
Elf:3:    elf_hall_gauntlet_wide, serial_shops,
          nicolae_shop_temple_entry_statues_fountains, uniq_mara,
          uniq_saint_roka, uniq_bai_suzhen
Vaults:1: ontoclasm_vaults_tryst, ontoclasm_vaults_chip, nicolae_vaults_big_ls,
          st_hourglassy, nicolae_vaults_what_the_h, hangedman_vaults_trim,
          vaults_room_pools, hangedman_vaults_maws, vaults_room_pools,
          uniq_nikola
Vaults:2: nicolae_vaults_shelves_hall, v_misc_13, v_misc_11,
          hangedman_vaults_capsules, vaults_standard_mumra_enter_the_diamond,
          nicolae_vaults_network_periphery, nicolae_vaults_little_squares_6,
          grunt_vaults_swirl, ontoclasm_vaults_hangar,
          nicolae_vaults_twisting_passages, nicolae_vaults_ring_of_whatevers,
          vaults_room_pool, nicolae_vaults_little_squares_3, v_misc_23,
          nicolae_vaults_octagons, nicolae_vaults_angled_halls, serial_shops,
          shop
Vaults:3: minmay_crypt_entry_simple_box, hangedman_vaults_corner,
          nicolae_vaults_quartermaster, dpeg_vaults_monster_box,
          vaults_room_ringed_pool, vaults_mumra_hexcomb,
          vaults_dpeg_encased_lava, v_alt_pattern_4, v_misc_10,
          vaults_room_pools, vaults_room_corners, v_misc_30
Vaults:4: st_smaller_cells, v_misc_30, vaults_room_grunt_arrival_ludios,
          vaults_standard_mumra_lines, ontoclasm_vaults_claustrophobia,
          nicolae_vaults_specimen_jars, vaults_dpeg_hooks,
          grunt_vaults_trifunnel, uniq_margery, uniq_xtahua
Vaults:5: uniq_sojobo
Crypt:1:  grunt_ministairs_14, st_stairs_5, grunt_crypt_arrival_webbed
Crypt:2:  minmay_misc_feat_alley, nicolae_crypt_ancient_font,
          serial_sigils_hangedman_shear, uniq_khufu, uniq_boris
Crypt:3:  lightli_unholy_cathedral, tomb_entry_shell_bobbens
Depths:1: hangedman_stitches_corridor, hangedman_abyss_or_decor_slice,
          grunt_hell_entry_dis_mu, wad_dig_loot, serial_bayou_shore_b
Depths:2: minmay_nested_s, enter_ziggurat_b, abyss_entry_crystal,
          grunt_metal_band, tso_metal_star, uniq_enchantress
Depths:3: kennysheep_six_static_rooms, hell_entry, pan_entry, minmay_shoptagon,
          infiniplex_staircase_pool_2, firewood_loft
Depths:4: minmay_skeleton_keep, serial_bayou, serial_bayou_ford_a,
          serial_bayou_lagoon_b, serial_bayou_pond_e, serial_bayou_pond_a,
          hellmouth_1, abyss_entry, pan_entry, ice2_lemuel, minmay_shop_grove
Depths:5: grunt_zot_entry_tricorne, hell_entry, abandoned_shop,
          lightli_fourway_metalbox
Sewer:    kennysheep_pipe_town
IceCv:    ice_cave_tombish
Volcano:  volcano_overflow

Skill      XL: |  1  2  3  4  5  6  7  8  9 10 11 12 13 14 15 16 17 18 19 20 21 22 23 24 25 26 27 |
---------------+----------------------------------------------------------------------------------+-----
Conjurations   | 2 3 4 5 |  5.0
Poison Magic   | 1 3 4 5 |  5.0
Air Magic      | 2 3 4 5 6 9 10 14 16 17 | 17.0
Charms         | 2 3 7 9 10 11 13 | 13.1
Translocations | 2 3 6 |  6.0
Fighting       | 2 3 5 6 7 8 9 12 | 12.0
Stealth        | 4 6 8 11 | 11.3
Dodging        | 2 4 5 6 8 9 |  9.0
Armour         | 1 3 4 5 7 11 13 15 17 18 19 | 19.0
Maces & Flails | 2 4 7 10 12 16 | 16.4
Invocations    | 6 |  6.0
Shields        | 6 9 11 13 15 | 15.0
Spellcasting   | 4 8 10 13 | 13.7
Hexes          | 5 |  5.0
Necromancy     | 5 9 14 16 | 16.8
Transmutations | 13 | 13.1
Summonings     | |  1.0

Action                   |  1- 3 |  4- 6 |  7- 9 | 10-12 | 13-15 | 16-18 | 19-21 | 22-24 | 25-27 || total
-------------------------+-------+-------+-------+-------+-------+-------+-------+-------+-------++-------
Melee: Dagger            |     2 |       |       |       |       |       |       |       |       ||     2
       Short sword       |       |    61 |    91 |       |       |       |       |       |       ||   152
       Morningstar       |       |       |   211 |   567 |       |       |       |       |       ||   778
       Whip              |       |       |    56 |       |       |       |       |       |       ||    56
       Punch             |       |       |       |     2 |     9 |     6 |       |       |       ||    17
       Demon whip        |       |       |       |   429 |  1786 |  2692 |  2660 |  3108 |       || 10675
       Constrict         |       |       |       |       |   202 |   337 |   347 |   312 |   382 ||  1580
       Eveningstar       |       |       |       |       |       |       |       |   504 |  3143 ||  3647
       Headbutt          |       |       |       |       |       |       |       |       |   320 ||   320
 Cast: Magic Dart        |    46 |    33 |   158 |   265 |   196 |    71 |    93 |     2 |       ||   864
       Mephitic Cloud    |       |    11 |    43 |    52 |    18 |       |       |       |       ||   124
       Repel Missiles    |       |     1 |     1 |     2 |     3 |    10 |     6 |       |       ||    23
       Regeneration      |       |       |       |       |       |       |     2 |    66 |   140 ||   208
       Spectral Weapon   |       |       |       |       |       |       |       |     9 |   134 ||   143
       Deflect Missiles  |       |       |       |       |       |       |       |     4 |    18 ||    22
       Blink             |       |       |       |       |       |       |       |     1 |     6 ||     7
       Dispel Undead     |       |       |       |       |       |       |       |       |    14 ||    14
       Silence           |       |       |       |       |       |       |       |       |     3 ||     3
       Agony             |       |       |       |       |       |       |       |       |    23 ||    23
Invok: Heroism           |       |       |       |    12 |    19 |    21 |    17 |    29 |       ||    98
       Finesse           |       |       |       |       |       |     3 |     5 |     9 |       ||    17
       Receive Necronomi |       |       |       |       |       |       |       |       |     1 ||     1
 Abil: Spit Poison       |    30 |    27 |    82 |   103 |    79 |     9 |     8 |     4 |     9 ||   351
Evoke: Wand              |       |       |       |       |       |       |       |     1 |     3 ||     4
  Use: Potion            |       |     1 |     3 |     9 |     9 |     6 |     9 |     9 |    22 ||    68
       Scroll            |       |       |    14 |    14 |    16 |    14 |     5 |    19 |    26 ||   108
 Stab: Confused          |       |     1 |    18 |    23 |     4 |       |     2 |       |       ||    48
       Sleeping          |       |       |     9 |     4 |       |       |       |       |     2 ||    15
       Distracted        |       |       |       |       |       |     1 |       |     3 |    31 ||    35
  Eat: Chunk             |     1 |     1 |    16 |    28 |    28 |    17 |    22 |    29 |    28 ||   170
       Bread ration      |       |     1 |       |       |       |     2 |       |     2 |       ||     5
       Beef jerky        |       |       |     1 |     2 |     1 |       |       |       |     5 ||     9
       Meat ration       |       |       |     1 |       |       |     1 |       |     1 |     3 ||     6
       Fruit             |       |       |       |     3 |     1 |     6 |     4 |     4 |    13 ||    31
       Pizza             |       |       |       |     2 |       |     1 |     4 |     1 |     2 ||    10
Armor: Robe              |     3 |       |       |       |       |       |       |       |       ||     3
       Leather armour    |       |    25 |   180 |   222 |       |       |       |       |       ||   427
       Skin              |       |       |       |    33 |       |       |       |       |       ||    33
       Ring mail         |       |       |       |    90 |    36 |       |       |       |       ||   126
       Fire dragon armou |       |       |       |       |   810 |  1158 |   639 |   822 |  1050 ||  4479
       Quicksilver drago |       |       |       |       |       |       |       |       |   105 ||   105
Dodge: Dodged            |    14 |    34 |   201 |   714 |   674 |   750 |   506 |   640 |   788 ||  4321
       Deflected         |       |     4 |     4 |    15 |    20 |    39 |    54 |    91 |   150 ||   377
Block: Other             |       |    14 |     7 |    16 |       |       |     2 |       |       ||    39
       Reflection        |       |     2 |       |     2 |       |    60 |   205 |   139 |   161 ||   569
       Shield            |       |       |       |       |       |   947 |  1660 |  2415 |  2901 ||  7923
